 Dungeon Crawl Stone Soup version 0.18-a0-844-g9229740 (webtiles) character file.

45089 Chiseanne the Blocker (level 13, -5/95 (96) HPs)
             Began as a Mummy Wanderer on Dec 18, 2015.
             Was an Initiate of Gozag.
             Killed from afar by a fire giant (34 damage)
             ... with a fireball
             ... on level 15 of the Dungeon on Dec 19, 2015.
             The game lasted 01:42:59 (30212 turns).

Chiseanne the Blocker (Mummy Wanderer)             Turns: 30212, Time: 01:42:59

HP:   -5/95 (96)    AC: 26    Str: 15    XL:     13   Next: 99%
MP:   0/20          EV:  7    Int: 14    God:    Gozag
Gold: 642           SH: 17    Dex: 18    Spells: 0 memorised, 16 levels left

rFire  . . .     SeeInvis .     x - +2 lightning rod (0/11)
rCold  + . .     Gourm    .     F - +5 scale mail of Vexation {Dex+4}
rNeg   + + +     Faith    .     B - +0 large shield
rPois  ∞         Spirit   +     m - +1 helmet
rElec  .         Dismiss  .     A - +2 cloak {+Inv}
rCorr  .         Reflect  .     g - +0 pair of gloves
SustAt .         Harm     .     u - +2 pair of boots of the Assassin {DetectMon Stab+ Stlth++}
MR     +....                    k - amulet of guardian spirit
Stlth  ++........               j - ring of protection from fire
                                n - +4 ring of protection

@: somewhat resistant to hostile enchantments, unstealthy
A: no food or potions, fire vulnerability, cold resistance 1, negative energy
resistance 3, torment resistance, unbreathing, in touch with death 1, restore
body
a: Self-Restoration, Potion Petition, Call Merchant, Bribe Branch, Renounce
Religion, Evoke Invisibility


You were on level 15 of the Dungeon.
You worshipped Gozag.
Gozag was noncommittal.
You were not hungry.

You visited 3 branches of the dungeon, and saw 18 of its levels.

You collected 5736 gold pieces.
You spent 3771 gold pieces at shops.
You paid 1323 gold pieces to Gozag.

Inventory:

Hand Weapons
 a - the +2 hand axe of False Accusations {chop, rC+++ Str+3}
   (You bought it in a shop on level 10 of the Dungeon)

   It inflicts extra damage upon your enemies.
   It affects your strength (+3).
   It renders you almost immune to cold.
 d - a +2 vampiric hand axe
 e - a +2 hand crossbow of velocity
 f - the +5 trident "Todemal" {antimagic, rPois rF+ rC+}
   (You found it on level 13 of the Dungeon)

   It disrupts the flow of magical energy around spellcasters and certain
   magical creatures (including the wielder).
   It protects you from fire.
   It protects you from cold.
   It protects you from poison.
 s - the +2 hand axe "Grim" {flame, rF- Int+4 Dex+3}
   (You bought it in a shop on level 10 of the Dungeon)

   It has been specially enchanted to burn those struck by it, causing extra
   injury to most foes and up to half again as much damage against particularly
   susceptible opponents.
   Big, fiery blades are also staple armaments of hydra-hunters.
   It affects your intelligence (+4).
   It affects your dexterity (+3).
   It makes you vulnerable to fire.
 w - a +0 blowgun
Missiles
 b - 17 bolts
 p - 44 sling bullets
 q - a throwing net
 r - 26 poisoned needles
 z - 4 silver javelins
 C - 15 poisoned sling bullets
 G - 2 poisoned tomahawks (quivered)
Armour
 g - a +0 pair of gloves (worn)
 m - a +1 helmet (worn)
 u - the +2 pair of boots of the Assassin (worn) {DetectMon Stab+ Stlth++}
   (You found it on level 6 of the Dungeon)

   It makes you much more stealthy.
 A - a +2 cloak of invisibility (worn)
 B - a +0 large shield (worn)
 F - the +5 scale mail of Vexation (worn) {Dex+4}
   (You bought it in a shop on level 2 of the Orcish Mines)

   It affects your dexterity (+4).
Rods
 x - a +2 lightning rod (0/11) (weapon)
   (You bought it in a shop on level 8 of the Dungeon)
 y - a +3 rod of clouds (4/16)
   (You bought it in a shop on level 8 of the Dungeon)
Jewellery
 j - a ring of protection from fire (right hand)
 k - an amulet of guardian spirit (around neck)
 n - a +4 ring of protection (left hand)
Wands
 c - a wand of teleportation (4)
 l - a wand of slowing (23)
 v - a wand of digging (9)
 E - a wand of digging (13)
 I - a wand of hasting (1)
 K - a wand of draining (5)
 M - a wand of lightning (5)
Scrolls
 o - 8 scrolls of identify
 D - 3 scrolls of fog
 H - 3 scrolls of magic mapping
 J - 3 scrolls of remove curse
Books
 h - a book of the Warp

   Spells                             Type                      Level
   a - Recall                         Summoning/Translocation      3
   b - Gell's Gravitas                Hexes/Translocation          3
   c - Force Lance                    Conjuration/Translocation    4
   d - Phase Shift                    Translocation                5
   e - Warp Weapon                    Charms/Translocation         5
   f - Summon Forest                  Summoning/Translocation      5
 i - a book of Death

   Spells                             Type                      Level
   a - Corpse Rot                     Necromancy                   2
   b - Sublimation of Blood           Necromancy                   2
   c - Agony                          Necromancy                   5
   d - Dispel Undead                  Necromancy                   5
   e - Excruciating Wounds            Charms/Necromancy            5
   f - Bolt of Draining               Conjuration/Necromancy       5
 t - an Akashic Record

   Spells                             Type                      Level
   a - Dispersal                      Translocation                6
   b - Malign Gateway                 Summoning/Translocation      7
   c - Disjunction                    Translocation                8
   d - Controlled Blink               Translocation                8
Miscellaneous
 L - a sack of spiders


   Skills:
 - Level 7.1 Fighting
   Level 3.6 Short Blades
 * Level 9.6 Axes
 - Level 1.5 Crossbows
 - Level 1.5 Throwing
 - Level 6.4 Armour
 - Level 0.5 Dodging
 * Level 11.7 Shields
 - Level 2.0 Spellcasting
   Level 1.0 Earth Magic
 * Level 10.6 Evocations


You had 16 spell levels left.
You didn't know any spells.

Dungeon Overview and Level Annotations

Branches:
Dungeon (15/15)            Temple (1/1) D:5            Lair (0/8) D:11
    Orc (2/2) D:12            Elf (0/3) Orc:2        Vaults (0/5) D:13
 Depths (0/5) D:15

Altars:
Ashenzari
Cheibriados
Dithmenos
Elyvilon
Fedhas
Gozag
Kikubaaqudgha
Makhleb
Nemelex Xobeh
Okawaru
Pakellas
Qazlal
Ru
Sif Muna
Trog
Vehumet
Xom
Yredelemnul
Zin
The Shining One
Beogh

Shops:
D:8 }   D:10 (   D:11 (   D:15 }   Orc:2 [(:*

Annotations:
D:11 P0WERM0DE's ghost, novice NaCK


Innate Abilities, Weirdness & Mutations

You do not eat or drink.
Your flesh is vulnerable to fire.
You are immune to poison.
Your flesh is cold resistant.
You are immune to negative energy.
You are immune to unholy pain and torment.
You can survive without breathing.
You are in touch with the powers of death.
You can restore your body by infusing magical energy.


Message History

Press: ? - help, Shift-Dir - straight line, f/p - fire giant
Aim: a fire giant, wielding a great sword of flaming (poison gas, lightly wounded, poisoned)
The lightning hits the fire giant.
The fire giant is heavily wounded.
The fire giant is engulfed in poison gas.
The fire giant looks even sicker.
The fire giant casts a spell at you. The bolt of fire misses you.
Aiming: Thunderbolt
Press: ? - help, Shift-Dir - straight line, f/p - fire giant
Aim: a fire giant, wielding a great sword of flaming (poison gas, heavily wounded, poisoned)
The lightning hits the fire giant.
The fire giant is severely wounded.
You hear a loud, deep croak!
The fire giant is engulfed in poison gas.
The fire giant looks even sicker.
The fire giant casts a spell at you.
The fireball explodes!
The fireball engulfs you!
You die...
Your body crumbles into a pile of gold.

$ ..§§ ..§ ≈ ...#≈≈ ... {
{§§§§§ .. #§§§≈§ ######.
§§§#≈≈.>.≈≈#≈
.......#######§§§≈≈≈§.C≈≈≈.
..........@§C§§.§≈≈§§§§≈§≈§
............§§§...#§§≈§≈#..
#...........§....≈≈#≈≈...
#................≈.§.≈§..
#....................§..#
#.#####................<.
....................######
. ###########.....<........
#.......# #...###########


You could see a fire giant.

Vanquished Creatures
  2 orc warlords
  A fire dragon (D:13)
  An ogre mage (Orc:2)
  4 centaur warriors (D:13)
  Urug (Orc:2)
  2 orc high priests (Orc:2)
  An unseen horror (D:11)
  13 deep elf magi
  7 hill giants
  5 orc knights
  An orb spider (shapeshifter) (D:13)
  2 cyclopes
  3 orc sorcerers (Orc:2)
  3 ugly things
  A griffon (D:15)
  2 centaur zombies
  3 kobold demonologists (D:12)
  9 trolls
  7 two-headed ogres
  A harpy skeleton (D:15)
  A trapdoor spider zombie (D:12)
  A blink frog (shapeshifter) (D:13)
  A wraith (D:11)
  A trapdoor spider (D:12)
  A shadow (D:12)
  2 hippogriffs
  A hungry ghost (D:12)
  A human (D:7)
  A basilisk (D:12)
  3 vampire mosquitoes (D:15)
  8 wargs
  4 wyverns
  A water moccasin (D:4)
  35 orc warriors
  3 sky beasts
  4 ice beasts (D:6)
  2 black bears
  20 centaurs
  16 ogres
  3 necrophages
  An eye of draining (D:9)
  2 phantoms
  A centaur (shapeshifter) (D:12)
  6 big kobolds
  3 crocodiles
  6 giant frogs
  A gnoll sergeant (D:10)
  2 scorpions
  17 killer bees
  13 wights
  The ghost of TugoseryaHuesosov the Magician, a weakling DrWz (D:3)
  6 crimson imps
  2 giant frog zombies
  2 giant frog skeletons
  A hound (D:12)
  Crazy Yiuf (D:7)
  22 orc priests
  2 jellies
  33 orc wizards
  7 centaur skeletons
  5 iguanas
  10 worker ants
  A killer bee zombie (D:10)
  4 sheep (D:7)
  2 hound zombies (D:8)
  A hound skeleton (D:7)
  13 gnolls
  2 worker ant zombies
  20 adders
  3 shadow imps
  A white imp (D:11)
  An adder zombie (D:6)
  2 adder skeletons
  4 worms
  9 giant geckos
  97 orcs
  11 bats
  10 goblins
  10 hobgoblins
  9 jackals
  29 kobolds
  2 quokkas (D:2)
  2 ball pythons
  6 giant cockroaches
  2 giant gecko skeletons
  A giant gecko zombie (D:6)
  3 giant newts
  A quokka skeleton (D:8)
  16 rats
584 creatures vanquished.

Vanquished Creatures (collateral kills)
  A necrophage (D:9)
  An adder (D:9)
2 creatures vanquished.

Vanquished Creatures (others)
  2 deep elf magi (Orc:2)
  An orc warrior (Orc:2)
  A centaur (D:13)
  2 orcs (D:13)
6 creatures vanquished.

Grand Total: 592 creatures vanquished

Notes
Turn   | Place    | Note
--------------------------------------------------------------
     0 | D:1      | Chiseanne the Mummy Wanderer began the quest for the Orb.
     0 | D:1      | Chiseanne set off with: a +2 hand crossbow, 23 bolts, a scroll of teleportation, a +0 ring mail
     0 | D:1      | Reached XP level 1. HP: 16/16 MP: 3/3
   144 | D:1      | Reached XP level 2. HP: 23/23 MP: 5/5
   653 | D:1      | Reached XP level 3. HP: 25/28 MP: 6/6
  1427 | D:2      | Reached skill level 3 in Fighting
  1499 | D:2      | Reached skill level 1 in Shields
  1906 | D:2      | Reached XP level 4. HP: 30/35 MP: 5/7
  2696 | D:2      | Reached XP level 5. HP: 19/41 MP: 6/8
  3163 | D:3      | Noticed TugoseryaHuesosov's ghost (weakling DrWz)
  3178 | D:3      | Killed TugoseryaHuesosov's ghost
  4115 | D:3      | Reached XP level 6. HP: 45/48 MP: 7/9
  4130 | D:3      | Noticed a moth of wrath
  4133 | D:3      | Found a bloodstained altar of Trog.
  4857 | D:4      | Reached skill level 4 in Fighting
  4860 | D:4      | Noticed a water moccasin
  4874 | D:4      | Killed a water moccasin
  5186 | D:5      | Entered Level 5 of the Dungeon
  5220 | D:5      | Reached XP level 7. HP: 20/55 MP: 2/10
  5485 | D:5      | Found a glowing silver altar of Zin.
  5618 | D:5      | Found a sparkling altar of Nemelex Xobeh.
  5775 | D:5      | Reached skill level 5 in Fighting
  5838 | D:5      | Found a staircase to the Ecumenical Temple.
  5888 | Temple   | Entered the Ecumenical Temple
  5913 | Temple   | Became a worshipper of Gozag Ym Sagoz the Greedy
  6577 | D:6      | Reached XP level 8. HP: 60/63 MP: 11/11
  6892 | D:6      | Reached skill level 5 in Armour
  6935 | D:6      | Reached skill level 6 in Fighting
  8061 | D:7      | Reached skill level 5 in Shields
  8061 | D:7      | Reached skill level 1 in Evocations
  8237 | D:7      | Noticed Crazy Yiuf
  8420 | D:7      | Reached XP level 9. HP: 41/71 MP: 6/12
  8826 | D:7      | You fall through a shaft for 2 floors!
  8966 | D:8      | Reached skill level 7 in Fighting
  9600 | D:7      | Killed Crazy Yiuf
 10000 | D:8      | Reached skill level 1 in Short Blades
 11725 | D:10     | Entered Level 10 of the Dungeon
 11725 | D:10     | Noticed a hill giant
 11841 | D:10     | Reached XP level 10. HP: 79/79 MP: 13/13
 11907 | D:10     | Noticed a hill giant
 11931 | D:10     | Killed a hill giant
 11955 | D:10     | Killed a hill giant
 12682 | D:10     | Found Piaxzom's Antique Weapon Shoppe.
 12687 | D:10     | Bought an ancient hand axe for 208 gold pieces
 12687 | D:10     | Bought a shimmering hand axe for 208 gold pieces
 12688 | D:10     | Identified the cursed +2 hand axe "Grim" {flame, rF- Int+4 Dex+3} (You bought it in a shop on level 10 of the Dungeon)
 12690 | D:10     | Identified the +2 hand axe of False Accusations {chop, rC+++ Str+3} (You bought it in a shop on level 10 of the Dungeon)
 12984 | D:10     | Reached skill level 1 in Axes
 13317 | D:10     | Noticed a hill giant
 13332 | D:10     | Killed a hill giant
 13332 | D:10     | Reached skill level 5 in Evocations
 13601 | D:10     | Upgraded the game from 0.18-a0-837-gd08d4d7 to 0.18-a0-844-g9229740
 13682 | D:11     | Noticed a hill giant
 13710 | D:11     | Killed a hill giant
 14373 | D:11     | Noticed a deep elf mage
 14482 | D:11     | Noticed P0WERM0DE's ghost (novice NaCK)
 14643 | D:11     | Noticed a hill giant
 14661 | D:11     | Found Ynoerchej's Antique Weapon Shop.
 14870 | D:11     | Found a staircase to the Lair.
 15010 | D:11     | Killed a deep elf mage
 15010 | D:11     | Reached skill level 8 in Shields
 15010 | D:11     | Reached XP level 11. HP: 84/84 MP: 15/15
 15118 | D:11     | Killed an unseen horror
 16399 | D:12     | Found a staircase to the Orcish Mines.
 17382 | D:12     | Reached skill level 5 in Axes
 18423 | Orc:1    | Entered Level 1 of the Orcish Mines
 18435 | D:12     | Reached skill level 9 in Shields
 19017 | D:12     | Noticed a sun demon
 19964 | Orc:1    | Noticed an orc warlord
 20003 | D:12     | Reached XP level 12. HP: 40/90 MP: 10/17
 20234 | D:13     | Got a polished trident
 20235 | D:13     | Identified the +5 trident "Todemal" {antimagic, rPois rF+ rC+} (You found it on level 13 of the Dungeon)
 20327 | D:13     | Noticed a centaur warrior
 20336 | D:13     | Noticed a centaur warrior
 20341 | D:13     | Killed a centaur warrior
 20966 | D:13     | Killed a centaur warrior
 21192 | D:8      | Bought a +2 rod of clouds (14/14) for 1138 gold pieces
 21192 | D:8      | Bought a wand of draining (9) for 143 gold pieces
 23094 | Orc:1    | Killed an orc warlord
 23094 | Orc:1    | Reached skill level 10 in Shields
 23534 | Orc:2    | Entered Level 2 of the Orcish Mines
 23602 | Orc:2    | Found a staircase to the Elven Halls.
 24646 | Orc:2    | Gained mutation: You are in touch with the powers of death. [Mummy growth]
 24646 | Orc:2    | Gained mutation: You can restore your body by infusing magical energy. [Mummy growth]
 24646 | Orc:2    | Reached XP level 13. HP: 78/95 MP: 14/19
 25541 | D:8      | Bought a +2 lightning rod (11/11) for 990 gold pieces
 25541 | D:8      | Bought a sack of spiders for 220 gold pieces
 25541 | D:8      | Bought a wand of lightning (5) for 99 gold pieces
 25683 | Orc:2    | Noticed an orc warlord
 26320 | Orc:2    | Reached skill level 11 in Shields
 26752 | Orc:2    | Found a roughly hewn altar of Beogh.
 26817 | Orc:2    | Noticed Urug
 27227 | Orc:2    | Killed an orc warlord
 27446 | Orc:2    | Killed Urug
 27446 | Orc:2    | Reached skill level 10 in Evocations
 27534 | Orc:2    | Found Qaugiq's Book Boutique.
 27553 | Orc:2    | Found Mioris's Antique Armour Boutique.
 27621 | Orc:2    | Found Onelenid's General Store.
 27632 | Orc:2    | Found Haott's Antique Weapon Boutique.
 27648 | Orc:2    | Bought a scroll of magic mapping for 45 gold pieces
 27713 | Orc:2    | Bought a bloodstained scale mail for 261 gold pieces
 27724 | Orc:2    | Identified the +5 scale mail of Vexation {Dex+4} (You bought it in a shop on level 2 of the Orcish Mines)
 28242 | D:11     | Bought a runed hand axe for 99 gold pieces
 28996 | D:13     | Found a gate to the Vaults.
 29726 | D:15     | Entered Level 15 of the Dungeon
 29726 | D:15     | Found a staircase to the Depths.
 29726 | D:15     | Noticed a fire giant
 29858 | D:15     | Found Hiekk's Gadget Shop.
 29886 | D:15     | Bought a wand of teleportation (4) for 360 gold pieces
 30212 | D:15     | Killed from afar by a fire giant

Vault maps used:
D:1:      evilmike_arrival_run_for_it, minmay_misc_feat_enclosed, st_stairs_11,
          corexii_leaking_fountain, minmay_misc_feat_doors
D:2:      first_bread
D:3:      solitary_fountain, tgw_trog
D:5:      grunt_temple_overflow_open, minmay_temple_entry_metal_lava
D:6:      minmay_misc_feat_hallway
D:7:      grunt_livestock, kennysheep_generic_room_6, uniq_crazy_yiuf_cottage
D:9:      hex_tiny
D:10:     serial_shops, shop
D:11:     lair_0_dummy, serial_shops, shop, minmay_misc_feat_five,
          minmay_fire_ice_demons
D:12:     erik_orc_4, hex_large
D:13:     david_vaults_4
D:14:     minmay_stone_box, patterned_corridor
D:15:     grunt_enter_depths_giant_problem, serial_shops, shop,
          serial_co_window_serial, co_window_paths_a,
          co_window_of_opportunity_a, co_window_paths_a, co_window_paths_b,
          co_window_paths_b, co_window_paths_b, co_window_corner_a,
          co_window_paths_a, co_window_corner_a, co_window_corner_ca,
          co_window_2corner, co_window_2corner, co_window_unsneaky_path_e,
          co_window_broadway_a, co_window_2corner, co_window_corner_b,
          co_window_paths_e, co_window_paths_d, glass_columns_c, glass_columns_a
Temple:   grunt_circular_temple_18
Orc:1:    nicolae_orc_lava_tube
Orc:2:    grunt_orc_cross, elves_outpost_lemuel

Action                   |  1- 3 |  4- 6 |  7- 9 | 10-12 | 13-15 || total
-------------------------+-------+-------+-------+-------+-------++-------
Melee: Short sword       |    51 |       |       |       |       ||    51
       Dagger            |    67 |   298 |   888 |    70 |       ||  1323
       Hand axe          |       |       |       |  1299 |   480 ||  1779
 Fire: Hand crossbow     |    25 |    50 |   129 |   149 |    64 ||   417
       Blowgun           |       |       |    49 |    39 |    66 ||   154
Throw: Throwing net      |       |       |     1 |     1 |     2 ||     4
       Tomahawk          |       |       |       |     1 |    20 ||    21
Invok: Call Merchant     |       |       |     1 |       |       ||     1
       Potion Petition   |       |       |       |     3 |       ||     3
 Abil: Evoke Invisibilit |       |       |       |    13 |     3 ||    16
Evoke: Wand              |       |       |       |     9 |     6 ||    15
       Rod               |       |       |       |    23 |    74 ||    97
  Use: Scroll            |     5 |     6 |     6 |    17 |     1 ||    35
 Stab: Sleeping          |     1 |     6 |    15 |     5 |     1 ||    28
       Distracted        |       |     1 |     2 |     5 |     7 ||    15
       Invisible         |       |       |       |    47 |     5 ||    52
       Confused          |       |       |       |     2 |     2 ||     4
